 Dungeon Crawl Stone Soup version 0.29.1-1-gd02db6906a (webtiles) character file.

Game seed: 8008676239263786173

3218 safid the Marksminotaur (level 9, -3/69 HPs)
             Began as a Minotaur Hunter on Oct 18, 2022.
             Was a Follower of Okawaru.
             Slain by a centaur warrior (9 damage)
             ... on level 8 of the Dungeon.
             The game lasted 00:13:02 (7286 turns).

safid the Marksminotaur (Minotaur Hunter)           Turns: 7286, Time: 00:13:03

Health: -3/69      AC:  6    Str: 26    XL:     9   Next: 65%
Magic:  8/8        EV: 12    Int:  5    God:    Okawaru [*.....]
Gold:   268        SH:  0    Dex: 17    Spells: 8/8 levels left

rFire   . . .      SeeInvis .   z - +3 shortbow (flame)
rCold   . . .      Faith    .   (shield currently unavailable)
rNeg    . . .      Spirit   .   c - +0 leather armour
rPois   .          Reflect  .   (helmet restricted)
rElec   .          Harm     .   (no cloak)
rCorr   +          Rampage  .   v - +1 pair of gloves "Oloyheit" {Contam +Blink rCorr}
Will    .....                   g - +0 pair of boots
Stlth   ++........              (no amulet)
HPRegen 0.21/turn               y - +6 ring of strength
MPRegen 0.11/turn               (no ring)

@: mighty, brilliant, attractive, flying, invisible
A: horns 2, retaliatory headbutt, strong 1, devolution 1
a: Renounce Religion, Evoke Blink, Heroism


You were on level 8 of the Dungeon.
You worshipped Okawaru.
Okawaru was aware of your devotion.
You visited 2 branches of the dungeon, and saw 9 of its levels.
You also visited: Sewer.

You collected 448 gold pieces.
You spent 180 gold pieces at shops.

Inventory:

Hand Weapons
 z - a +3 shortbow of flaming (weapon)
Armour
 c - a +0 leather armour (worn)
 g - a +0 pair of boots (worn)
 v - the +1 pair of gloves "Oloyheit" (worn) {Contam +Blink rCorr}
   (You found it on level 3 of the Dungeon)

   +Blink:    It lets you blink.
   Contam:    It causes magical contamination when unequipped.
   rCorr:     It protects you from acid and corrosion.
Jewellery
 y - a +6 ring of strength (left hand)
 A - a +4 ring of protection
Scrolls
 a - 2 scrolls of enchant armour
 d - a scroll of magic mapping {unknown}
 f - a scroll of amnesia
 l - a scroll of acquirement {unknown}
 o - a scroll of noise {unknown}
 p - a scroll of fear
 s - a scroll of teleportation {unknown}
 u - a scroll of brand weapon {unknown}
 w - a scroll of enchant weapon {unknown}
 x - a scroll of identify
Potions
 e - 2 potions of lignification
 i - 5 potions of curing
 j - a potion of mutation
 m - a potion of ambrosia
 n - 3 potions of attraction


   Skills:
 - Level 3.0 Fighting
 + Level 15.1 Ranged Weapons
 - Level 2.1 Dodging
 - Level 0.7 Stealth


You had 8 spell levels left.
You didn't know any spells.
Your spell library contained the following spells:

 Spells                   Type           Power      Damage    Failure   Level
 Slow                     Hex            0%         N/A       52%         1
 Confusing Touch          Hex            0%         N/A       88%         3
 Inner Flame              Hex/Fire       0%         N/A       88%         3
 Vampiric Draining        Necr           0%         2d6       88%         3
 Cause Fear               Hex            0%         N/A       99%         4
 Dragon Form              Tmut           0%         N/A       100%        7
 Discord                  Hex            0%         N/A       100%        8
 Dragon's Call            Summ           Unusable   N/A       N/A         9

Dungeon Overview and Level Annotations

Branches:
Dungeon (8/15)             Temple (1/1) D:7           Sewer (visited)
   Lair: D:8-11

Altars:
Ashenzari
Cheibriados
Elyvilon
Gozag
Hepliaklqana
Kikubaaqudgha
Makhleb
Nemelex Xobeh
Okawaru
Ru
Sif Muna
Trog
Uskayaw
Vehumet
Wu Jian
Xom
Yredelemnul
Zin
The Shining One

Shops:
D:2 =   D:5 *(

Annotations:
D:5 1 runed translucent door, Crazy Yiuf
D:7 3 runed translucent doors, halvedace's ghost, novice MiBe
Temple 2 transporters


Innate Abilities, Weirdness & Mutations

You have a pair of horns on your head.
You reflexively headbutt those who attack you in melee.
Your muscles are strong. (Str +4, Int/Dex -1)
You have hidden genetic defects.


Message History

Unknown command.
Fire: z) +3 shortbow (flame)
Press: ? - help, Q - select action, (/) - cycle Shift-Dir - straight line, f/p - centaur warrior
Aim: a centaur warrior (moderately wounded, unable to see you, 76% to hit)
You shoot an arrow. The arrow hits the centaur warrior.
The arrow burns the centaur warrior.
The centaur warrior is moderately wounded.
The centaur warrior hits you but does no damage.
The centaur warrior kicks you.
* * * LOW HITPOINT WARNING * * *
Fire: z) +3 shortbow (flame)
Press: ? - help, Q - select action, (/) - cycle Shift-Dir - straight line, f/p - centaur warrior
Aim: a centaur warrior (moderately wounded, unable to see you, 76% to hit)
You shoot an arrow. The arrow hits the centaur warrior.
The arrow burns the centaur warrior.
The centaur warrior is heavily wounded.
The centaur warrior closely misses you. The centaur warrior misses you.
Fire: z) +3 shortbow (flame)
Press: ? - help, Q - select action, (/) - cycle Shift-Dir - straight line, f/p - centaur warrior
Aim: a centaur warrior (heavily wounded, unable to see you, 76% to hit)
You shoot an arrow. The arrow hits the centaur warrior.
The arrow burns the centaur warrior.
The centaur warrior is heavily wounded.
The centaur warrior hits you but does no damage.
The centaur warrior barely misses you.
Fire: z) +3 shortbow (flame)
Press: ? - help, Q - select action, (/) - cycle Shift-Dir - straight line, f/p - centaur warrior
Aim: a centaur warrior (heavily wounded, unable to see you, 76% to hit)
You shoot an arrow. The arrow hits the centaur warrior!
The arrow burns the centaur warrior.
The centaur warrior is severely wounded.
The centaur warrior misses you. The centaur warrior kicks you.
* * * LOW HITPOINT WARNING * * *
Fire: z) +3 shortbow (flame)
Press: ? - help, Q - select action, (/) - cycle Shift-Dir - straight line, f/p - centaur warrior
Aim: a centaur warrior (severely wounded, unable to see you, 76% to hit)
You shoot an arrow.
The arrow barely misses the centaur warrior.
The centaur warrior hits you!
You die...

##.## ##.##
#..# # #.##
##. #.#
#...## ##.#
......###..#
...........#
...>..c@...#
.######...##
##..# ....#
......#
.........
..........
.......


You could see a centaur warrior (unable to see you).

Vanquished Creatures
  An unseen horror (D:7)
  Grinder (D:3)
  Sigmund (D:3)
  A steam dragon (D:7)
  A vampire mosquito (D:7)
  3 sky beasts
  An ice beast (D:6)
  An orc warrior (D:6)
  An ogre (D:6)
  3 kobold brigands (Sewer)
  3 phantoms
  2 bullfrogs
  A necrophage (D:5)
  5 scorpions
  4 killer bees (D:7)
  4 hounds
  A gnoll bouda (D:5)
  4 jellies
  2 iguanas (D:5)
  Jessica (D:3)
  2 orc wizards
  Robin (D:2)
  7 adders
  5 gnolls
  6 river rats
  A shadow imp (D:5)
  2 white imps (D:7)
  3 worms
  A dart slug (D:4)
  13 orcs
  2 bats (D:1)
  15 endoplasms
  4 giant cockroaches
  8 hobgoblins
  2 jackals (D:1)
  7 quokkas
  6 ball pythons
  3 frilled lizards
  16 goblins
  9 kobolds
  11 rats
165 creatures vanquished.

Notes
Turn   | Place    | Note
-------+----------+-------------------------------------------
     0 | D:1      | safid the Minotaur Hunter began the quest for the Orb.
     0 | D:1      | Reached XP level 1. HP: 18/18 MP: 0/0
    29 | D:1      | Found a faded altar of an unknown god.
   127 | D:1      | Reached XP level 2. HP: 26/26 MP: 1/1
   392 | D:1      | Reached skill level 5 in Ranged Weapons
   821 | D:2      | Noticed Robin
   824 | D:2      | Reached XP level 3. HP: 31/31 MP: 2/2
   836 | D:2      | Killed Robin
  1053 | D:2      | Found Echireps's Jewellery Boutique.
  1087 | D:2      | Reached skill level 6 in Ranged Weapons
  1087 | D:2      | Reached XP level 4. HP: 24/38 MP: 3/3
  1596 | D:2      | Found a hazy altar of Hepliaklqana.
  1650 | D:3      | Noticed Grinder
  1666 | D:3      | Killed Grinder
  1667 | D:3      | Reached skill level 7 in Ranged Weapons
  1667 | D:3      | Reached XP level 5. HP: 30/45 MP: 4/4
  1667 | D:3      | Reached XP level 6. HP: 34/51 MP: 5/5
  1740 | D:3      | Reached skill level 8 in Ranged Weapons
  1766 | D:3      | Found a glowing drain.
  1777 | Sewer    | Entered a sewer
  2362 | Sewer    | Reached skill level 9 in Ranged Weapons
  2362 | Sewer    | Reached XP level 7. HP: 48/57 MP: 6/6
  2621 | D:3      | Noticed Sigmund
  2936 | D:3      | Killed Sigmund
  2937 | D:3      | Reached skill level 10 in Ranged Weapons
  3093 | D:3      | Noticed Jessica
  3097 | D:3      | Killed Jessica
  3194 | D:3      | Identified the +1 pair of gloves "Oloyheit" {Contam +Blink
                  | rCorr}
  3346 | D:4      | Identified the +3 ring mail of Dice, Bag, and Bottle {Harm
                  | Stlth+}
  3736 | D:5      | Entered Level 5 of the Dungeon
  3754 | D:5      | Reached XP level 8. HP: 42/63 MP: 7/7
  3758 | D:5      | Reached skill level 11 in Ranged Weapons
  4266 | D:5      | Reached skill level 12 in Ranged Weapons
  4306 | D:5      | Found Kaufo's Overcharged Wands.
  4912 | D:5      | Found a white marble altar of Elyvilon.
  4983 | D:5      | Found a runed translucent door.
  4984 | D:5      | Noticed Crazy Yiuf
  4998 | D:5      | Found Baocsi's Antique Weapon Boutique.
  5001 | D:5      | Bought a runed shortbow for 180 gold pieces
  5206 | D:6      | Reached skill level 13 in Ranged Weapons
  5393 | D:6      | Reached XP level 9. HP: 69/69 MP: 8/8
  5881 | D:7      | Reached skill level 14 in Ranged Weapons
  6028 | D:7      | Found a runed translucent gate.
  6037 | D:7      | Found a runed translucent gate.
  6038 | D:7      | Found a runed translucent gate.
  6039 | D:7      | Noticed halvedace's ghost (novice MiBe)
  6041 | D:7      | Identified the +1 chain mail of Card Tricks {Will+}
  6191 | D:7      | Found a staircase to the Ecumenical Temple.
  6201 | Temple   | Entered the Ecumenical Temple
  6201 | Temple   | Found a transporter.
  6201 | Temple   | Found a transporter.
  6203 | Temple   | Found a transporter.
  6203 | Temple   | Found a transporter.
  6226 | Temple   | Became a worshipper of Warmaster Okawaru
  6285 | D:7      | Killed an unseen horror
  6488 | D:7      | Reached skill level 15 in Ranged Weapons
  6657 | D:7      | Reached * piety under Okawaru
  7262 | D:8      | Noticed a centaur warrior
  7278 | D:8      | Gained mutation: You have hidden genetic defects. [potion
                  | of mutation]
  7278 | D:8      | Gained mutation: Your muscles are strong. (Str +4, Int/Dex
                  | -1) [potion of mutation]
  7286 | D:8      | Slain by a centaur warrior

Illustrated notes

Levels and vault maps discovered:
D:1:      minmay_arrival_semitransparent, layout_basic,
          shapermc_ecumenical_altar_starsandcircs, kennysheep_pointless_box
D:2:      layout_loops_cross, basic_altar, serial_shops,
          nicolae_shop_hallway_stairs, st_stairs_12, uniq_robin
D:3:      layout_basic, portal_sewer_entry_a, uniq_jessica, uniq_grinder,
          uniq_sigmund
D:4:      layout_gridville, saegor_snake_ambush
D:5:      layout_loops_ring, amcnicky_altar_gilded, serial_shops, shop,
          nicolae_shop_overcharged_wands, uniq_crazy_yiuf_cottage
D:6:      layout_gridville, dreamdust_wishing_well
D:7:      layout_loops_ring, minmay_temple_entry_drinking_statues,
          biasface_ghost_orc_armoury, chequers_avenue
D:8:      layout_layer_cave
Temple:   hellmonk_temple_divided_pantheon

Skill      XL: |  1  2  3  4  5  6  7  8  9 |
---------------+----------------------------+-----
Fighting       | 3 |  3.0
Ranged Weapons | 5 6 7 9 10 13 15 | 15.1
Dodging        | |  2.1
Stealth        | |  0.7

Action                   |  1- 3 |  4- 6 |  7- 9 || total
-------------------------+-------+-------+-------++-------
Melee: Shortbow          |       |       |     1 ||     1
 Fire: Shortbow          |   103 |   133 |   387 ||   623
  Use: Scroll            |       |       |     7 ||     7
       Potion            |       |       |    11 ||    11
Armor: Leather armour    |    13 |    12 |    58 ||    83
Dodge: Dodged            |    41 |    23 |    80 ||   144
